 Dungeon Crawl Stone Soup version 0.31-a0-521-gc7390f8997 (webtiles) character file.

Game seed: 13224489660817585539

135 Fodor the Covered (level 4, -1/40 HPs)
             Began as a Minotaur Fighter on Aug 10, 2023.
             Slain by a gnoll
             ... wielding a +0 halberd
              (7 damage)
             ... on level 3 of the Dungeon.
             The game lasted 00:09:29 (1827 turns).

Fodor the Covered (Minotaur Fighter)                Turns: 1827, Time: 00:09:30

Health: -1/40      AC:  7    Str: 20 (22) XL:     4   Next: 97%
Magic:  3/3        EV:  9    Int:  5      God:
Gold:   110        SH:  4    Dex:  7 (10) Spells: 3/3 levels left

rFire   . . .        e - +1 trident (heavy)
rCold   . . .        c - +0 buckler
rNeg    . . .        b - +0 scale mail
rPois   .            (helmet restricted)
rElec   .            (no cloak)
rCorr   .            (no gloves)
SInv    .            (no boots)
Will    .....        (no amulet) Stlth
                     (no ring)
HPRegen 0.26/turn    (no ring)
MPRegen 0.08/turn

%: no passive effects
@: attractive, hasted, very quick
A: horns 2, retaliatory headbutt
a: no special abilities


You were on level 3 of the Dungeon.
You visited 1 branch of the dungeon, and saw 3 of its levels.

You collected 110 gold pieces.

Inventory:

Hand Weapons
 a - a +0 long sword
 e - a +1 heavy trident (weapon)
Missiles
 g - 3 darts of dispersal (quivered)
 l - 5 boomerangs
Armour
 b - a +0 scale mail (worn)
 c - a +0 buckler (worn)
Scrolls
 i - a scroll of teleportation {unknown}
 k - a scroll of enchant weapon {unknown}
 m - a scroll of identify {unknown}
 n - a scroll of blinking {unknown}
 p - a scroll of vulnerability {unknown}
 q - a scroll of poison {unknown}
 r - a scroll of fog {unknown}
Potions
 d - a potion of might
 h - a potion of attraction
 o - a potion of haste


   Skills:
 + Level 4.0 Fighting
 + Level 3.0 Long Blades
 + Level 3.0 Polearms
 + Level 4.4 Armour
 + Level 1.1 Dodging
 + Level 0.5 Stealth
 + Level 4.3 Shields


You had 3 spell levels left.
You didn't know any spells.
Your spell library contained the following spells:

 Spells                   Type           Power      Damage    Failure   Level
 Sandblast                Erth           0%         2d4       87%         1
 Summon Small Mammal      Summ           0%         N/A       87%         1
 Passwall                 Tmut/Erth      0%         N/A       95%         2
 Call Canine Familiar     Summ           0%         N/A       99%         3
 Stone Arrow              Conj/Erth      0%         3d7       99%         3
 Summon Guardian Golem    Hex/Summ       0%         N/A       99%         3


Dungeon Overview and Level Annotations

Branches:
Dungeon (3/15)

Altars:


Innate Abilities, Weirdness & Mutations

You have a pair of horns on your head.
You reflexively headbutt those who attack you in melee.


Message History

There was something very wrong with that liquid.
You feel weakened.
You feel dopey.
You feel clumsy.
It was a potion of curing.
You feel better. The gnoll misses you. You furiously retaliate!
You headbutt the gnoll! You closely miss the gnoll.
Your headbutt misses the gnoll.
The gnoll is severely wounded.
The gnoll hits you but does no damage.
You hit the gnoll but do no damage. You headbutt the gnoll.
You kill the gnoll!
You puncture the gnoll!
You kill the gnoll!
You block the gnoll's attack.
The gnoll hits you from afar with a +0 halberd.
* * * LOW HITPOINT WARNING * * *
The gnoll is attracted toward you. x3; Something is attracted toward you.
You completely miss the gnoll. You headbutt the gnoll!
The gnoll is heavily wounded.
The gnoll barely misses you. The gnoll hits you with a +0 halberd.
* * * LOW HITPOINT WARNING * * *
You hit the gnoll.
You kill the gnoll!
The gnoll completely misses you. The gnoll is attracted toward you. x3
Something is attracted toward you.
You feel your intelligence returning.
Your Polearms skill increases to level 3!
You impale the gnoll!!
You kill the gnoll!
The gnoll hits you but does no damage. The gnoll is attracted toward you. x2
You puncture the gnoll!
You kill the gnoll!
The gnoll hits you with a +0 whip.
* * * LOW HITPOINT WARNING * * *
You feel your strength returning.
You impale the gnoll!!
You kill the gnoll!
The gnoll barely misses you. The gnoll is attracted toward you.
You hit the gnoll.
The gnoll is lightly wounded.
The gnoll hits you with a +0 halberd!
You die...

.#.. #.#.## ##.....
##....# . ##.....# #
..####......##.# ####
..?....!...<.. ....
......<...#.######..#
..............§g@...#
#..#.##...###########
#. #. #..## # #(.#
#..# #.$# #..# #..#


You could see a gnoll.

Vanquished Creatures
  7 gnolls (D:3)
  2 adders (D:2)
  An ufetubus (D:2)
  A dart slug (D:1)
  A worm (D:2)
  5 ball pythons
  5 endoplasms
  2 goblins
  A hobgoblin (D:2)
  5 jackals
  3 kobolds (D:1)
  3 quokkas (D:2)
  2 bats (D:1)
  A frilled lizard (D:2)
  5 rats
44 creatures vanquished.

Notes
Turn   | Place    | Note
-------+----------+-------------------------------------------
     0 | D:1      | Fodor the Minotaur Fighter began the quest for the Orb.
     0 | D:1      | Reached XP level 1. HP: 19/19 MP: 0/0
   250 | D:1      | Reached XP level 2. HP: 27/27 MP: 1/1
  1134 | D:2      | Reached XP level 3. HP: 31/33 MP: 2/2
  1329 | D:2      | Reached skill level 1 in Polearms
  1329 | D:2      | Reached skill level 1 in Dodging
  1815 | D:3      | Reached XP level 4. HP: 14/40 MP: 3/3
  1827 | D:3      | Slain by a gnoll

Illustrated notes

Levels and vault maps discovered:
D:1:      dpeg_arrival_rhombus, layout_loops_corners
D:2:      layout_basic
D:3:      layout_loops_ring

Skill      XL: |  1  2  3  4 |
---------------+-------------+-----
Shields        | 4 |  4.3
Long Blades    | 3 |  3.0
Polearms       | 2 3 |  3.0
Dodging        | 1 |  1.1
Armour         | 4 |  4.4
Fighting       | 4 |  4.0
Stealth        | |  0.5

Action                     |  1- 3 |  4- 6 || total
---------------------------+-------+-------++-------
  Melee: Long sword        |    21 |       ||    21
         Headbutt          |     8 |     2 ||    10
         Trident           |    57 |     9 ||    66
    Use: Potion            |       |     4 ||     4
 Armour: Scale mail        |    76 |     3 ||    79
  Dodge: Dodged            |    75 |     4 ||    79
  Block: Buckler           |    37 |     1 ||    38

Table legend: (Time is in decaauts)
 A = Elapsed time spent in this place.
 B = Non-inter-level travel time spent in this place.
 C = Inter-level travel time spent in this place.
 D = Time resting spent in this place.
 E = Time spent auto-exploring this place.
 F = Levels seen in this place.
 G = Mean time per level.
                   A        B        C        D        E       F      G
               +--------+--------+--------+--------+--------+-----+--------+
         Total |   1886 |   1793 |     93 |     30 |      0 |   3 |  628.7 |
       Dungeon |   1886 |   1793 |     93 |     30 |      0 |   3 |  628.7 |
               +--------+--------+--------+--------+--------+-----+--------+

Top non-repeatable levels by time:
     D:1: 1000 daAuts
     D:2: 858 daAuts
     D:3: 28 daAuts
